AoeStats
← Malik Bhai

Arabia

510659065Analyzed
1v1 RM · 8h ago on Oct 2, 2026· 30m 25s· 2 players
Game mode
Random Map
Map size
Tiny (2 player)
Population
200
Speed
Normal
Resources
Standard
Victory
Conquest
Starting age
Dark Age
Ending age
Imperial Age
RankedLock teamsTeams togetherTeam positionsShared explorationLock speedFull tech treeHidden civsTurbo modeCheats
Victory
Defeat
🇦🇷 Burmese · Argentina
1741
+10
🇵🇰 Georgians · Pakistan
1612
-10
TGT | diego22
5:36 Loom
5:43 Loom
8:52 Feudal Age
9:16 Horse Collar
12:06 Fletching
22:31 Castle Age
21:06 Padded Archer Armor
21:57 Gold Mining
24:25 Wheelbarrow
24:50 Bodkin Arrow
28:33 Town Watch
30:04 Town Watch
Malik Bhai
6:54 Loom
10:38 Feudal Age
11:29 Double-Bit Axe
14:40 Fletching
23:36 Castle Age
21:54 Horse Collar
Connection lost

Rejoining the realm…

Still unreachable

The connection could not be restored.

Session expired

The server has moved on; the page needs a fresh start.